 Dungeon Crawl Stone Soup version 0.30-a0-475-g03497ec522 (webtiles) character file.

Game seed: 1016014675727071778

235900 porpoise the End of an Era (level 19, -4/172 HPs)
             Began as a Hill Orc Monk on Dec 19, 2022.
             Was the Champion of Qazlal.
             Shot with an arrow by a deep elf archer (19 damage)
             ... on level 2 of the Elven Halls on Dec 21, 2022.
             The game lasted 03:09:46 (36269 turns).

porpoise the End of an Era (Hill Orc Monk)         Turns: 36269, Time: 03:09:46

Health: -4/172     AC: 23    Str: 22    XL:     19   Next: 19%
Magic:  36/36      EV: 17    Int: 13    God:    Qazlal [******]
Gold:   578        SH: 16    Dex: 13    Spells: 26/28 levels left

rFire   + . .      SeeInvis .    a - +5 broad axe (venom)
rCold   + + .      Faith    .    s - +2 buckler
rNeg    + . .      Spirit   .    V - +0 swamp dragon scales
rPois   +          Reflect  .    K - +1 helmet {Int+3}
rElec   .          Harm     .    C - +1 cloak {rCorr}
rCorr   +          Rampage  .    O - +3 pair of gauntlets of War {Slay+5}
Will    ++++.      Clarity  +    p - +2 pair of boots {Fly}
Stlth   +.........               X - amulet of the Four Winds {rN+ Will+++ Clar}
HPRegen 0.48/turn                U - ring "Gath" {rF+ rC+}
MPRegen 0.25/turn                W - +4 ring of evasion

@: protected from cold, flying, repel missiles
A: subdued magic 1
}: 2/15 runes: decaying, gossamer
a: Renounce Religion, Upheaval, Elemental Force, Disaster Area


You were on level 2 of the Elven Halls.
You worshipped Qazlal.
Qazlal was exalted by your worship.
You visited 7 branches of the dungeon, and saw 33 of its levels.
You visited 1 bazaar.
You also visited: Bailey, Gauntlet and Volcano.

You collected 3602 gold pieces.
You spent 3024 gold pieces at shops.

Inventory:

Hand Weapons
 a - a +5 broad axe of venom (weapon)
 b - the +6 shillelagh "Devastator" {shatter}
   (You found it on level 3 of the Dungeon)

   It releases a powerful concussive burst when it strikes, dealing extra damage
   to the target and all other creatures adjacent to them.
Missiles
 d - 26 boomerangs (quivered)
 n - a throwing net
 t - 2 poisoned darts
 P - 9 curare-tipped darts
Armour
 p - a +2 pair of boots of flying (worn)
 s - a +2 buckler (worn)
 C - a +1 cloak of preservation (worn)
 K - a +1 helmet of intelligence (worn)
 O - the +3 pair of gauntlets of War (worn) {Slay+5}
   (You bought it in a shop on level 2 of the Orcish Mines)

   Slay:      It affects your accuracy & damage with ranged weapons and melee
   (+5).
 V - +0 swamp dragon scales (worn)
Jewellery
 r - a ring of protection from fire
 v - a ring of poison resistance
 U - the ring "Gath" (left hand) {rF+ rC+}
   (You found it in a Gauntlet)

   [ring of protection from fire]

   rF:        It protects you from fire.
   rC:        It protects you from cold.
 W - a +4 ring of evasion (right hand)
 X - the amulet of the Four Winds (around neck) {rN+ Will+++ Clar}
   (You took it off a minotaur in a Gauntlet)

   [amulet of nothing]

   rN:        It protects you from negative energy.
   Clar:      It protects you against confusion.
   Will:      It greatly increases your willpower.
 Y - a ring of positive energy
Wands
 g - a wand of light (24)
 j - a wand of polymorph (3)
 q - a wand of digging (23)
 G - a wand of flame (11)
 R - a wand of paralysis (23)
 T - a wand of roots (41)
Scrolls
 e - 5 scrolls of blinking
 f - a scroll of amnesia
 h - a scroll of silence
 k - 4 scrolls of fear
 l - 2 scrolls of magic mapping
 m - 5 scrolls of butterflies
 x - 14 scrolls of teleportation
 y - 4 scrolls of poison
 D - 2 scrolls of fog
 J - 3 scrolls of vulnerability
Potions
 c - 10 potions of ambrosia
 i - 8 potions of lignification
 u - 3 potions of resistance
 z - 6 potions of attraction
 A - 14 potions of curing
 E - 7 potions of might
 F - 7 potions of heal wounds
 H - 9 potions of haste
 I - 4 potions of berserk rage
 L - 3 potions of invisibility
 N - 9 potions of cancellation
Miscellaneous
 o - a condenser vane
 M - a lightning rod (4/4)
 S - a tin of tremorstones (2/2)


   Skills:
 - Level 16.0 Fighting
 - Level 18.0(19.3) Axes
 - Level 10.1(14.0) Maces & Flails
 - Level 6.0 Throwing
 - Level 12.0 Armour
 + Level 7.4 Dodging
 - Level 1.5 Stealth
 + Level 9.0 Shields
 - Level 5.0 Spellcasting
 + Level 0.0 Transmutations
 O Level 27 Invocations
 - Level 7.0 Evocations


You had 26 spell levels left.
You knew the following spells:

 Your Spells              Type           Power      Damage    Failure   Level
w - Wereblood             Tmut           2%         N/A       41%         2

Your spell library contained the following spells:

 Spells                   Type           Power      Damage    Failure   Level
 Beastly Appendage        Tmut           4%         N/A       28%         1
 Freeze                   Ice            8%         1d3       28%         1
 Kiss of Death            Conj/Necr      8%         2d6       28%         1
 Necrotise                Necr           8%         1d4       28%         1
 Slow                     Hex            8%         N/A       28%         1
 Sting                    Tmut/Pois      8%         1d3       28%         1
 Summon Small Mammal      Summ           8%         N/A       28%         1
 Blink                    Tloc           4%         N/A       41%         2
 Call Imp                 Summ           2%         N/A       41%         2
 Ensorcelled Hibernation  Hex/Ice        4%         N/A       41%         2
 Poisonous Vapours        Pois/Air       4%         N/A       41%         2
 Call Canine Familiar     Summ           2%         N/A       65%         3
 Confusing Touch          Hex            2%         N/A       65%         3
 Dazzling Flash           Conj/Hex       4%         N/A       65%         3
 Frozen Ramparts          Ice            4%         1d1       65%         3
 Hailstorm                Conj/Ice       2%         3d3       65%         3
 Spider Form              Tmut/Pois      2%         N/A       65%         3
 Summon Guardian Golem    Hex/Summ       2%         N/A       65%         3
 Vampiric Draining        Necr           2%         2d6       65%         3
 Anguish                  Hex/Necr       1%         N/A       96%         4
 Animate Armour           Summ/Erth      4%         N/A       96%         4
 Animate Dead             Necr           2%         N/A       96%         4
 Dispel Undead            Necr           2%         3d7       96%         4
 Iskenderun's Mystic Bla  Conj/Tloc      2%         2d3       96%         4
 Manifold Assault         Tloc           2%         N/A       96%         4
 Olgreb's Toxic Radiance  Pois           2%         N/A       96%         4
 Agony                    Necr           2%         N/A       100%        5
 Silence                  Hex/Air        1%         N/A       100%        5
 Summon Forest            Summ/Tloc      1%         N/A       100%        5
 Eringya's Noxious Bog    Tmut/Pois      1%         N/A       100%        6
 Starburst                Conj/Fire      1%         6d3       100%        6
 Enfeeble                 Hex            1%         N/A       100%        7
 Haunt                    Necr/Summ      1%         N/A       100%        7
 Monstrous Menagerie      Summ           1%         N/A       100%        7
 Storm Form               Tmut/Air       1%         N/A       100%        7
 Summon Hydra             Summ           1%         N/A       100%        7
 Infestation              Necr           1%         N/A       100%        8


Dungeon Overview and Level Annotations

Branches:
Dungeon (15/15)            Temple (1/1) D:6            Lair (5/5) D:10
  Swamp (4/4) Lair:2       Spider (4/4) Lair:2        Slime (0/5) Lair:4
    Orc (2/2) D:11            Elf (2/3) Orc:2        Vaults (0/5) D:14
 Depths (0/4) D:15         Bailey (visited)         Volcano (visited)
Gauntlet (visited)

Altars:
Ashenzari
Cheibriados
Dithmenos
Elyvilon
Fedhas
Gozag
Hepliaklqana
Kikubaaqudgha
Makhleb
Nemelex Xobeh
Okawaru
Qazlal
Ru
Sif Muna
Trog
Uskayaw
Vehumet
Wu Jian
Xom
Yredelemnul
Zin
The Shining One
Jiyva

Shops:
D:8 :   D:10 [   D:11 [   D:14 [!   Orc:2 *[:(

Portals:
Trove: D:10 (give horn of Geryon)

Annotations:
D:3 3 runed translucent doors, Taurus's ghost, amateur MiFi; cforsyth's ghost, amateur TrFi; freelancePsychic's ghost, weakling MeHs; lotum's ghost, weakling MiMo; ryw's ghost, amateur AtFi
D:10 exclusion: obsidian statue
Lair:1 1 runed translucent door, ryw's ghost, journeyman TrGl
Swamp:1 2 transporters, exclusion: orange crystal statue


Innate Abilities, Weirdness & Mutations

Your spells are a little easier to cast, but a little less powerful.


Message History

The deep elf archer unwields a +0 shortbow.
The deep elf archer wields a +0 short sword.
You block the deep elf archer's attack. The Ice Fiend gestures at you.
The bolt of cold hits you! You resist.
You feel more protected from cold.
* * * LOW HITPOINT WARNING * * *
You hear a shout!
Items here: )) [[ †.
A deep elf pyromancer comes into view. It is wielding a +0 rapier.
The Ice Fiend calls on the powers of darkness!
Your body is wracked with pain!
* * * LOW HITPOINT WARNING * * *
The deep elf archer convulses!
Something is bathed in an unholy light!
The deep elf archer convulses! x2; The deep elf zephyrmancer convulses!
Things that are here:
a +0 long sword; a +0 ring mail; an elf corpse You feel much better.
The deep elf pyromancer mumbles some strange words.
The deep elf pyromancer blinks!
The Ice Fiend completely misses you. You block the Ice Fiend's attack.
The deep elf archer hits you but does no damage.
The Ice Fiend attacks as you move away! The Ice Fiend claws you!
* * * LOW HITPOINT WARNING * * *
The Ice Fiend freezes you! You resist.
You feel more protected from cold.
* * * LOW HITPOINT WARNING * * *
You block the Ice Fiend's attack.
The deep elf zephyrmancer casts a spell.
The deep elf zephyrmancer blinks!
The deep elf pyromancer barely misses you.
The Ice Fiend calls on the powers of darkness!
The deep elf pyromancer convulses!
The deep elf archer convulses!
Something is bathed in an unholy light!
The deep elf archer convulses! x2
The deep elf zephyrmancer convulses!
Your body is wracked with pain!
* * * LOW HITPOINT WARNING * * *
The deep elf archer unwields a +0 short sword.
The deep elf archer wields a +0 shortbow.
The deep elf archer shoots an arrow.
The arrow hits you!!
You die...

## . #. # #.#
.# #..###
##.)#
#))###.....
#######°1)#
..eee.e§e####
########@)..#
####)# #


You could see an Ice Fiend (summoned), 3 deep elf archers, a deep elf pyromancer
and a deep elf zephyrmancer.

Vanquished Creatures
  Gastronok (D:12)
  A fenstrider witch (Swamp:4)
  A frost giant (D:13)
  A deep elf sorcerer (Elf:1)
  The ghost of lotum the Warrior, a journeyman FoBe of Trog (Lair:5)
  A quicksilver ooze (Gauntlet)
  An orc warlord (Orc:2)
  5 broodmothers (Spider:4)
  4 eleionomae
  2 bunyips
  An ettin (D:13)
  A minotaur (Gauntlet)
  A deep elf death mage (Elf:1)
  Snorg (D:10)
  Josephine (Lair:3)
  A shambling mangrove (Swamp:4)
  A fire dragon (D:15)
  5 entropy weavers
  An ogre mage (D:14)
  7 centaur warriors
  4 jorogumos
  17 hydras
  2 ice dragons
  4 radroaches
  6 two-headed ogres
  9 alligators
  12 dancing weapons
  3 boulder beetles
  2 orc high priests (Orc:2)
  2 tengu warriors
  9 deep elf knights
  11 pharaoh ants
  4 goliath frogs
  12 swamp dragons
  6 deep elf archers
  13 steelbarb worms
  A flayed ghost (D:13)
  11 orb spiders
  2 wizards (Gauntlet)
  5 spriggan druids
  3 bog bodies (Swamp:1)
  A phantasmal warrior (D:15)
  9 ugly things
  4 orc knights
  A harpy (shapeshifter) (Elf:1)
  14 deep elf zephyrmancers
  27 deep elf pyromancers
  4 manticores
  22 wolf spiders
  5 cyclopes
  2 will-o-the-wisps
  7 orc sorcerers
  3 moths of wrath
  Joseph (D:8)
  4 torpor snails
  6 black mambas
  2 gargoyles
  14 elephants
  15 cane toads
  2 unseen horrors
  4 rime drakes
  5 komodo dragons
  3 demonic crawlers
  A freezing wraith (D:15)
  2 efreet
  7 meliai
  A burning bush (Lair:1)
  4 tengu conjurers
  7 tyrant leeches
  6 polar bears (Lair:5)
  15 hornets
  7 trolls
  16 slime creatures
  21 tarantellas
  2 wolf spider simulacra
  8 dream sheep
  23 blink frogs
  27 jumping spiders
  31 yaks
  An air elemental (Elf:1)
  4 centaur simulacra
  A water elemental (Elf:2)
  24 spriggans
  8 wraiths
  28 culicivoras
  2 shadows
  A vampire (Bailey)
  A hog (shapeshifter) (Spider:3)
  5 wyverns
  6 fire elementals
  A basilisk (D:8)
  2 steam dragons
  44 redbacks
  23 swamp worms
  15 vampire mosquitoes
  Eustachio (D:6)
  A warg (Orc:2)
  Duvessa (D:7)
  3 acid dragons
  13 water moccasins
  4 hell hounds (Volcano)
  40 orc warriors
  5 black bears
  9 swamp drakes
  2 ice beasts
  A sky beast (D:8)
  3 boggarts (Lair:5)
  11 ogres
  24 wolves (Lair:5)
  12 centaurs
  A phantom (D:5)
  Blork the orc (Orc:1)
  2 kobold brigands (D:7)
  11 bullfrogs
  A cane toad simulacrum (Gauntlet)
  3 necrophages
  3 scorpions
  3 gnoll sergeants
  10 wights
  Dowan (D:7)
  6 howler monkeys
  7 vampire bats (Bailey)
  6 wolf zombies (Bailey)
  8 electric eels
  3 hounds
  2 jellies (D:4)
  Crazy Yiuf (D:3)
  23 orc priests
  2 gnoll boudas
  3 iguanas
  24 orc wizards
  13 gnolls
  13 adders
  4 shadow imps
  4 white imps
  2 worms
  4 dart slugs
  71 orcs
  10 bats
  11 endoplasms
  2 giant cockroaches (D:1)
  11 goblins
  11 hobgoblins
  5 quokkas
  12 ball pythons
  6 frilled lizards
  18 kobolds
  18 orc zombies (Bailey)
  5 rats
  11 bushes (Lair:1)
1157 creatures vanquished.

Vanquished Creatures (collateral kills)
  A death knight (D:15)
  An orc high priest (Orc:2)
  2 orc knights (Orc:2)
  An orc warrior (Orc:2)
  2 orc wizards (Orc:2)
  3 orcs (Orc:2)
10 creatures vanquished.

Vanquished Creatures (others)
  A deep elf knight (Elf:2)
  A deep elf archer (Elf:1)
  2 deep elf zephyrmancers (Elf:2)
  A tyrant leech (Swamp:1)
  9 foxfires
  29 fungi
  57 plants
  13 withered plants
113 creatures vanquished.

Grand Total: 1280 creatures vanquished

Notes
Turn   | Place    | Note
-------+----------+-------------------------------------------
     0 | D:1      | porpoise the Hill Orc Monk began the quest for the Orb.
     0 | D:1      | Reached XP level 1. HP: 19/19 MP: 1/1
   158 | D:1      | Reached XP level 2. HP: 25/27 MP: 2/2
   252 | D:1      | Reached skill level 5 in Axes
   274 | D:1      | Reached XP level 3. HP: 30/33 MP: 3/3
   605 | D:1      | Found a faded altar of an unknown god.
   875 | D:2      | Reached XP level 4. HP: 41/41 MP: 4/4
  1543 | D:3      | Found an opulent altar of Gozag.
  1563 | D:3      | Found a shimmering altar of Xom.
  1695 | D:3      | Found a runed translucent door.
  1695 | D:3      | Found the +6 shillelagh "Devastator" {shatter}
  1696 | D:3      | Noticed Crazy Yiuf
  1703 | D:3      | Killed Crazy Yiuf
  1704 | D:3      | Reached XP level 5. HP: 47/47 MP: 5/5
  1748 | D:3      | Reached skill level 5 in Fighting
  1834 | D:3      | Found a runed translucent gate.
  1834 | D:3      | Found a runed translucent gate.
  1847 | D:3      | Found a runed translucent gate.
  1849 | D:3      | Noticed Taurus's ghost (amateur MiFi)
  1849 | D:3      | Noticed freelancePsychic's ghost (weakling MeHs)
  1849 | D:3      | Noticed ryw's ghost (amateur AtFi)
  1849 | D:3      | Noticed cforsyth's ghost (amateur TrFi)
  1849 | D:3      | Noticed lotum's ghost (weakling MiMo)
  2009 | D:3      | Reached XP level 6. HP: 56/56 MP: 6/6
  2139 | D:3      | Found a glowing silver altar of Zin.
  2209 | D:3      | Found a white marble altar of Elyvilon.
  2215 | D:3      | Found an iron altar of Okawaru.
  2220 | D:3      | Found a blossoming altar of Fedhas.
  2618 | D:4      | Identified the +2 leather armour "Dekeussu" {Regen+ Str+6
                  | Stlth-}
  2843 | D:4      | Reached XP level 7. HP: 63/63 MP: 7/7
  3020 | D:5      | Entered Level 5 of the Dungeon
  3232 | D:5      | Found a bloodstained altar of Trog.
  3603 | D:5      | Reached skill level 10 in Axes
  3603 | D:5      | Reached XP level 8. HP: 73/73 MP: 8/8
  3672 | D:5      | Found a shimmering blue altar of Sif Muna.
  3672 | D:5      | Found an ancient bone altar of Kikubaaqudgha.
  3672 | D:5      | Found a radiant altar of Vehumet.
  3682 | D:5      | Got Kikubaaqudgha's Folio of Evil Mysteries
  4069 | D:6      | Found a snail-covered altar of Cheibriados.
  4188 | D:6      | Noticed Eustachio
  4198 | D:6      | Killed Eustachio
  4199 | D:6      | Reached XP level 9. HP: 82/82 MP: 9/9
  4439 | D:6      | Found a staircase to the Ecumenical Temple.
  4448 | Temple   | Entered the Ecumenical Temple
  4503 | Temple   | Became a worshipper of Qazlal Stormbringer
  4503 | Temple   | Reached * piety under Qazlal
  4503 | Temple   | Reached ** piety under Qazlal
  5057 | D:7      | Reached skill level 1 in Armour
  5057 | D:7      | Reached skill level 1 in Invocations
  5092 | D:7      | Reached skill level 2 in Invocations
  5236 | D:7      | Reached skill level 3 in Invocations
  5309 | D:7      | Noticed Duvessa
  5310 | D:7      | Noticed Dowan
  5317 | D:7      | Killed Duvessa
  5318 | D:7      | Reached skill level 4 in Invocations
  5318 | D:7      | Killed Dowan
  5654 | D:7      | Reached skill level 5 in Invocations
  5654 | D:7      | Reached XP level 10. HP: 91/91 MP: 13/13
  5819 | D:8      | Reached *** piety under Qazlal
  5869 | D:8      | Found a sparkling altar of Nemelex Xobeh.
  5871 | D:8      | Found a hide-covered altar of Uskayaw.
  5871 | D:8      | Found a basalt altar of Yredelemnul.
  5871 | D:8      | Found a burning altar of Makhleb.
  5894 | D:8      | Found Megy's Book Shoppe.
  5942 | D:8      | Noticed Joseph
  5946 | D:8      | Paralysed by Joseph for 5 turns
  5952 | D:8      | Killed Joseph
  5953 | D:8      | Reached skill level 5 in Armour
  5953 | D:8      | Reached skill level 6 in Invocations
  6209 | D:8      | Reached skill level 7 in Invocations
  6936 | D:8      | Reached skill level 8 in Invocations
  7475 | D:9      | Reached skill level 9 in Invocations
  7700 | D:9      | Reached skill level 10 in Fighting
  7700 | D:9      | Reached XP level 11. HP: 98/99 MP: 16/18
  8060 | D:10     | Entered Level 10 of the Dungeon
  8062 | D:10     | Noticed Snorg
  8079 | D:10     | Killed Snorg
  8080 | D:10     | Reached skill level 10 in Invocations
  8156 | D:10     | Noticed an obsidian statue
  8217 | D:10     | Reached **** piety under Qazlal
  8251 | D:10     | Reached skill level 11 in Invocations
  8311 | D:10     | Found Neack's Antique Armour Shop.
  8324 | D:10     | Found a portal to a secret trove of treasure.
  8378 | D:10     | Found a flagged portal.
  8401 | Bailey   | Entered a bailey
  8787 | Bailey   | Reached ***** piety under Qazlal
  9068 | Bailey   | Identified the +0 leather armour of Wu Jian's Castigation
                  | {Str-3 Dex+2 Stlth+}
  9294 | D:10     | Found a staircase to the Lair.
  9682 | Lair:1   | Entered Level 1 of the Lair of Beasts
  9718 | Lair:1   | Reached skill level 12 in Invocations
 10040 | Lair:1   | Found a runed translucent door.
 10040 | Lair:1   | Found a shimmering altar of Xom.
 10040 | Lair:1   | Noticed ryw's ghost (journeyman TrGl)
 10042 | Lair:1   | Noticed a +2 scimitar of chaos
 11026 | Lair:2   | Reached XP level 12. HP: 47/113 MP: 21/21
 11145 | Lair:2   | Reached skill level 15 in Axes
 11168 | Lair:2   | Found a hole to the Spider Nest.
 11567 | Lair:2   | Found a staircase to the Swamp.
 11572 | Lair:2   | Reached skill level 13 in Invocations
 12221 | Lair:3   | Noticed a seven-headed hydra
 12233 | Lair:3   | Noticed a six-headed hydra
 12234 | Lair:3   | Killed a seven-headed hydra
 12245 | Lair:3   | Killed a six-headed hydra
 12507 | Lair:3   | Reached skill level 14 in Invocations
 12826 | Lair:3   | Noticed Josephine
 12839 | Lair:3   | Killed Josephine
 12907 | Lair:3   | Reached XP level 13. HP: 124/124 MP: 23/23
 13518 | Lair:4   | Reached skill level 1 in Shields
 13688 | Lair:4   | Reached skill level 15 in Invocations
 13981 | Lair:4   | Reached ****** piety under Qazlal
 14003 | Lair:4   | Found a staircase to the Slime Pits.
 14004 | Lair:4   | Found a viscous altar of Jiyva.
 14667 | Lair:5   | Entered Level 5 of the Lair of Beasts
 14699 | Lair:5   | Paralysed by a hornet for 1 turns
 14707 | Lair:5   | HP: 5/124 [komodo dragon (16)]
 14780 | Lair:4   | Reached skill level 5 in Shields
 15053 | Lair:5   | Reached skill level 16 in Invocations
 15082 | Lair:5   | Identified the +10 mace "Pakidd" {protect, rCorr Str+2
                  | Stlth+}
 15236 | Lair:5   | Found a runed translucent door.
 15239 | Lair:5   | Noticed lotum's ghost (journeyman FoBe)
 15331 | Lair:5   | Identified the +4 war axe of Inquiry {flame, *Noise Str+5}
 15337 | Lair:5   | Reached XP level 14. HP: 132/132 MP: 26/26
 16052 | Lair:5   | Reached skill level 5 in Dodging
 16060 | Lair:5   | Reached skill level 17 in Invocations
 16277 | Lair:5   | Killed lotum's ghost
 16533 | Lair:1   | Identified a scroll of acquirement
 16534 | Lair:1   | Acquired a manual of Invocations
 16920 | D:11     | Reached skill level 15 in Fighting
 17155 | D:11     | Found a staircase to the Orcish Mines.
 17214 | D:11     | Found Edalui's Antique Armour Emporium.
 17223 | D:11     | Bought a pair of runed boots for 157 gold pieces
 17544 | D:12     | Reached skill level 18 in Invocations
 17652 | D:12     | Noticed Gastronok
 17662 | D:12     | Killed Gastronok
 18370 | D:12     | Found a stormy altar of Qazlal.
 18587 | D:13     | Reached skill level 19 in Invocations
 18655 | D:13     | Found a gate leading to a gauntlet.
 18663 | Gauntlet | Entered a Gauntlet
 18663 | Gauntlet | Found a transporter.
 18663 | Gauntlet | Found a transporter.
 18699 | Gauntlet | Found a transporter.
 18699 | Gauntlet | Found a transporter.
 18722 | Gauntlet | Found a transporter.
 18729 | Gauntlet | Noticed a quicksilver ooze
 18732 | Gauntlet | Found a transporter.
 18732 | Gauntlet | Found a transporter.
 18737 | Gauntlet | Found a transporter.
 18764 | Gauntlet | Found a transporter.
 18771 | Gauntlet | Found a transporter.
 18789 | Gauntlet | Found a transporter.
 18835 | Gauntlet | Found a transporter.
 18841 | Gauntlet | Noticed a dire elephant
 18851 | Gauntlet | Found a transporter.
 18851 | Gauntlet | Found the dreamshard necklace {*Dream Drain}
 18942 | Gauntlet | Found a transporter.
 18951 | Gauntlet | Found a transporter.
 18965 | Gauntlet | Found a transporter.
 19241 | Gauntlet | Killed a quicksilver ooze
 19334 | Gauntlet | Identified the ring "Gath" {rF+ rC+}
 19372 | Gauntlet | Identified the +8 shortbow of Capital Punishment {freeze,
                  | Will+}
 19372 | Gauntlet | Identified the +11 dagger "Goena" {spect, rC+}
 19583 | Gauntlet | Upgraded the game from 0.30-a0-465-g8901f6c8b5 to
                  | 0.30-a0-469-g84de5afbc5
 20118 | D:13     | Reached skill level 20 in Invocations
 20289 | D:13     | Reached XP level 15. HP: 143/143 MP: 29/29
 20400 | D:13     | Noticed a frost giant
 20412 | D:13     | Killed a frost giant
 20841 | D:14     | Reached skill level 1 in Evocations
 20850 | D:14     | Found a gate to the Vaults.
 20886 | D:14     | Found a flickering gateway to a bazaar.
 20900 | Bazaar   | Entered a bazaar
 20900 | Bazaar   | Found Koim's Distillery.
 20900 | Bazaar   | Found Wafuj's Antique Armour Shop.
 20900 | Bazaar   | Found Dukkosit's Antique Armour Shoppe.
 21011 | Bazaar   | Found Beczalij's Distillery.
 21011 | Bazaar   | Found Imailis's Distillery.
 21067 | Bazaar   | Bought a potion of mutation for 120 gold pieces
 21067 | Bazaar   | Bought 2 potions of heal wounds for 150 gold pieces
 21072 | Bazaar   | Bought a potion of mutation for 64 gold pieces
 21072 | Bazaar   | Bought a potion of mutation for 64 gold pieces
 21072 | Bazaar   | Bought a potion of might for 32 gold pieces
 21078 | Bazaar   | Bought a jewelled plate armour for 616 gold pieces
 21078 | Bazaar   | Identified the +2 plate armour of Virtue {Regen+ rCorr
                  | Str+5 Int-5} (You bought it in a shop in a bazaar)
 21104 | Bazaar   | Bought a pair of pitted boots for 380 gold pieces
 21104 | Bazaar   | Identified the +1 pair of boots "One Fuwa" {Rampage +Inv
                  | rC+ Dex-3} (You bought it in a shop in a bazaar)
 21112 | Bazaar   | Bought a potion of might for 32 gold pieces
 21112 | Bazaar   | Bought a potion of ambrosia for 64 gold pieces
 21112 | Bazaar   | Bought a potion of might for 32 gold pieces
 21209 | D:14     | Found Diufodow's Armour Shop.
 21222 | D:14     | Found Kerghuen's Distillery.
 21297 | D:14     | Reached skill level 21 in Invocations
 21896 | D:15     | Entered Level 15 of the Dungeon
 22614 | D:15     | Reached skill level 22 in Invocations
 22614 | D:15     | Reached skill level 5 in Evocations
 22695 | D:15     | Found a sacrificial altar of Ru.
 22801 | D:15     | Found a staircase to the Depths.
 23193 | Orc:1    | Entered Level 1 of the Orcish Mines
 23235 | Orc:1    | Noticed Blork the orc
 23243 | Orc:1    | Killed Blork the orc
 23583 | Orc:2    | Entered Level 2 of the Orcish Mines
 23583 | Orc:2    | Found a staircase to the Elven Halls.
 23583 | Orc:2    | Found an iron altar of Okawaru.
 23663 | Orc:1    | Reached XP level 16. HP: 94/151 MP: 25/31
 23877 | Orc:2    | Reached skill level 23 in Invocations
 24136 | Orc:2    | Found a dark tunnel.
 24144 | Volcano  | Entered a volcano
 24290 | Volcano  | Got the Compendium of Convocation
 24465 | Orc:2    | Found Zueg's Antique Armour Emporium.
 24466 | Orc:2    | Found Duuntah's Antique Weapon Shoppe.
 24468 | Orc:2    | Found Lighuduosu's General Store.
 24468 | Orc:2    | Found Inaidioj's Book Emporium.
 24483 | Orc:2    | Bought the +3 pair of gauntlets of War {Slay+5} for 1092
                  | gold pieces
 24483 | Orc:2    | Found the +3 pair of gauntlets of War {Slay+5}
 24743 | Swamp:1  | Entered Level 1 of the Swamp
 24893 | Swamp:1  | Noticed a tentacled monstrosity
 24895 | Swamp:1  | Noticed a fenstrider witch
 24897 | Swamp:1  | Found a transporter.
 24898 | Swamp:1  | Noticed a tentacled monstrosity
 24969 | Swamp:1  | Found a transporter.
 24991 | Swamp:1  | Reached skill level 24 in Invocations
 25912 | Swamp:2  | Reached skill level 25 in Invocations
 26639 | D:14     | Bought a potion of attraction for 51 gold pieces
 26639 | D:14     | Bought a potion of heal wounds for 85 gold pieces
 26639 | D:14     | Bought a potion of heal wounds for 85 gold pieces
 27458 | Swamp:4  | Entered Level 4 of the Swamp
 27506 | Swamp:4  | Reached skill level 26 in Invocations
 27506 | Swamp:4  | Reached XP level 17. HP: 148/158 MP: 32/34
 28299 | Swamp:4  | Reached skill level 27 in Invocations
 28313 | Swamp:4  | Reached skill level 1 in Maces & Flails
 28464 | Swamp:4  | Got a decaying rune of Zot
 28812 | Spider:1 | Entered Level 1 of the Spider Nest
 28919 | Spider:1 | Identified the +4 falchion "Killer Bee's Foe" {antimagic,
                  | rC+}
 29212 | Spider:1 | Reached skill level 10 in Armour
 29933 | Spider:1 | Reached skill level 5 in Maces & Flails
 30021 | Spider:1 | Gained mutation: Your spells are a little easier to cast,
                  | but a little less powerful. [mutagenic glow]
 30611 | Spider:2 | Reached skill level 1 in Throwing
 31278 | Spider:2 | Learned a level 2 spell: Wereblood
 31673 | Spider:3 | Reached XP level 18. HP: 98/166 MP: 35/35
 32813 | Spider:4 | Entered Level 4 of the Spider Nest
 33224 | Spider:4 | Reached skill level 5 in Throwing
 33677 | Spider:4 | Reached skill level 1 in Spellcasting
 33949 | Spider:4 | Got a gossamer rune of Zot
 34485 | Lair:1   | Upgraded the game from 0.30-a0-469-g84de5afbc5 to
                  | 0.30-a0-475-g03497ec522
 34564 | Elf:1    | Entered Level 1 of the Elven Halls
 34685 | Elf:1    | Reached skill level 10 in Maces & Flails
 35242 | Elf:1    | Reached XP level 19. HP: 139/172 MP: 36/36
 35576 | Elf:1    | Paralysed by an air elemental for 1 turns
 36258 | Elf:2    | Noticed an Ice Fiend
 36265 | Elf:2    | Reached skill level 5 in Spellcasting
 36269 | Elf:2    | Shot with an arrow by a deep elf archer

Illustrated notes

Levels and vault maps discovered:
D:1:      heliophobic_arrival_dark_side_of_the_moon, layout_rooms,
          shapermc_ecumenical_altar_flowoftime, minmay_hexomino_u4
D:2:      layout_rooms, chequers_avenue, grunt_decor_resistance
D:3:      layout_loops_cross, pdpol_temple_overflow_zin_treasury_gozag_greed,
          minmay_overflow_temple_star_quad, lemuel_crystal_altar,
          gammafunk_ghost_cemetery, minmay_snake_closets,
          uniq_crazy_yiuf_cottage
D:4:      layout_loops_ring
D:5:      layout_loops_ring, grunt_temple_overflow_magic_moments,
          mainiacjoe_overflow_alcove_2
D:6:      layout_basic, slow_altar_1, minmay_temple_entry_grid, st_stairs_1,
          uniq_eustachio
D:7:      layout_loops_ring, kennysheep_generic_room_8, uniq_duvessa
D:8:      cheibrodos_two_vegetables, layout_loops_corners,
          grunt_temple_overflow_open, serial_shops, nicolae_shop_stone,
          uniq_joseph
D:9:      layout_irregular_city
D:10:     layout_rooms, lair_entry_dummy, nicolae_trove_entry_free_sample,
          serial_shops, shop, enter_bailey_4, minivault_16,
          mumra_transporter_accident, dreamdust_gnoll_shepherd, uniq_snorg
D:11:     layout_loops_ring, david_orc_4, serial_shops, nicolae_lakefront_shop,
          nrook_loot_triangle
D:12:     minmay_angry_zag, layout_irregular_city,
          nicolae_qazlal_style_of_elements, uniq_gastronok
D:13:     minmay_glassy_protrusions, layout_basic, gauntlet_entry_generic
D:14:     layout_basic, erik_vaults_1, serial_shops, bzr_entry_gold, shop,
          nicolae_shop_hallway_plus, small_statue_intersection
D:15:     grunt_enter_depths_hoard, layout_stronghold, minmay_strange_pillars,
          serial_column_ruins, column_ruins_hut, column_ruins_square_huge,
          column_ruins_columns_straight, column_ruins_grid_1,
          column_ruins_open_large, column_ruins_open_small,
          column_ruins_open_tiny, column_ruins_grid_1, minmay_misc_feat_tower,
          hangedman_ru_absence
Temple:   nicolae_temple_great_sept
Lair:1:   layout_chaotic_city, ebering_ghost_xom, evilmike_ambush
          [evilmike_ambush_outer_corners, evilmike_ambush_inner_basic]
Lair:2:   layout_cave_pods, minmay_swamp_entry_worms,
          nicolae_spider_entry_tight_spaces
Lair:3:   layout_cave_pods, uniq_josephine
Lair:4:   layout_layer_cave, slime_entry_1, nicolae_lair_grove_arrangements,
          infiniplex_staircase_pool_2
Lair:5:   minmay_lair_end_enchanted_forest, layout_small_grid,
          ebering_ghost_reflecting_pool,
          portal_ice_cave_entry_animals_and_master,
          chequers_serial_rivers_small_b
Swamp:1:  gammafunk_sealed_arena, layout_basic_swamp, serial_swamp_ruin,
          evilmike_swamp_ruin_house_2, evilmike_swamp_ruin_house_3,
          evilmike_swamp_ruin_house_5, swamp_pool1, hangedman_swamp_diagram
Swamp:2:  layout_falls_marsh, hangedman_swamp_ruin_hall
Swamp:3:  layout_basic_swamp, hangedman_swamp_ruin_wall
Swamp:4:  swamp_alternative, layout_basic_swamp
Spider:1: layout_spider_delve
Spider:2: layout_spider_delve
Spider:3: layout_spider_delve, hellmonk_deceptive_appearances
Spider:4: hellmonk_spider_rune_endless_swarm
Orc:1:    layout_caves, sword_in_stone
Orc:2:    st_orc_congregation, layout_diamond_mine, enter_volcano_2,
          okawaru_metal_pillars_1_2
Elf:1:    layout_loops_corners, hangedman_elven_crosses_minicolossus,
          st_stairs_3, grunt_ministairs_14
Elf:2:    nicolae_elf_blades_splatter_lattice [grunt_blade_entry_basic],
          layout_loops_ring, st_stairs_3, amcnicky_mini_pool_small, uniq_roxanne

Skill      XL: |  1  2  3  4  5  6  7  8  9 10 11 12 13 14 15 16 17 18 19 |
---------------+----------------------------------------------------------+-----
Fighting       | 4 5 6 7 8 9 10 12 14 15 16 | 16.0
Axes           | 5 6 7 8 10 12 14 16 18 | 18.0
Armour         | 4 7 8 9 11 12 | 12.0
Invocations    | 5 9 12 14 16 20 22 26 27 | 27.0
Shields        | 5 7 8 9 |  9.0
Dodging        | 4 5 7 |  7.4
Evocations     | 6 7 |  7.0
Maces & Flails | 6 10 | 10.1
Throwing       | 3 6 |  6.0
Spellcasting   | 3 5 |  5.0
Stealth        | |  1.5

Action                   |  1- 3 |  4- 6 |  7- 9 | 10-12 | 13-15 | 16-18 | 19-21 || total
-------------------------+-------+-------+-------+-------+-------+-------+-------++-------
Melee: Hand axe          |   134 |   132 |    63 |     3 |       |       |       ||   332
       Punch             |     1 |       |       |       |       |       |       ||     1
       Shillelagh        |       |    21 |   105 |   215 |   196 |    83 |     3 ||   623
       Broad axe         |       |       |       |   412 |   805 |  1157 |   103 ||  2477
Throw: Dart              |       |       |       |     6 |     6 |     2 |       ||    14
       Boomerang         |       |       |       |       |       |    17 |       ||    17
Invok: Elemental Force   |       |       |       |       |     5 |     1 |       ||     6
       Disaster Area     |       |       |       |       |     1 |     2 |       ||     3
Evoke: Wand              |       |     1 |       |    11 |     1 |     7 |       ||    20
       Condenser vane    |       |       |       |       |     1 |       |       ||     1
  Use: Scroll            |       |     2 |     8 |    14 |    12 |       |     1 ||    37
       Potion            |       |       |       |     6 |     6 |     1 |     1 ||    14
 Stab: Sleeping          |     1 |     1 |       |       |       |       |       ||     2
       Distracted        |       |     1 |       |       |     1 |       |       ||     2
       Paralysed         |       |       |       |       |     1 |    14 |       ||    15
Armor: Ring mail         |    43 |    41 |       |   125 |   137 |       |       ||   346
       Leather armour    |       |       |    34 |     1 |       |       |       ||    35
       Plate armour      |       |       |       |       |   124 |   161 |       ||   285
       Swamp dragon scal |       |       |       |       |       |   278 |    17 ||   295
Dodge: Dodged            |    55 |    64 |    70 |   266 |   410 |   547 |    37 ||  1449
       Repelled          |       |       |       |     1 |    10 |    17 |     5 ||    33
Block: Buckler           |     4 |    34 |    40 |   313 |   601 |   813 |    55 ||  1860

Table legend: (Time is in decaauts)
 A = Elapsed time spent in this place.
 B = Non-inter-level travel time spent in this place.
 C = Inter-level travel time spent in this place.
 D = Time resting spent in this place.
 E = Time spent auto-exploring this place.
 F = Levels seen in this place.
 G = Mean time per level.
                   A        B        C        D        E       F      G
               +--------+--------+--------+--------+--------+-----+--------+
         Total |  35665 |  33062 |   2603 |   5849 |  19125 |  37 |  963.9 |
       Dungeon |  14098 |  12977 |   1121 |   1524 |   8517 |  15 |  939.9 |
        Temple |     64 |     55 |      9 |      0 |     45 |   1 |   64.0 |
          Lair |   7832 |   7095 |    737 |   1105 |   4016 |   5 | 1566.4 |
         Swamp |   3413 |   3158 |    255 |    710 |   1798 |   4 |  853.2 |
   Spider Nest |   5360 |   4984 |    376 |   1167 |   2843 |   4 | 1340.0 |
  Orcish Mines |   1102 |   1012 |     90 |    192 |    524 |   2 |  551.0 |
   Elven Halls |   1632 |   1619 |     13 |    345 |    887 |   2 |  816.0 |
        Bazaar |    224 |    224 |      0 |    105 |      0 |   1 |  224.0 |
        Bailey |    834 |    834 |      0 |    416 |     89 |   1 |  834.0 |
       Volcano |    182 |    182 |      0 |      0 |     32 |   1 |  182.0 |
      Gauntlet |    917 |    917 |      0 |    284 |    373 |   1 |  917.0 |
               +--------+--------+--------+--------+--------+-----+--------+

Top non-repeatable levels by time:
  Lair:1: 2191 daAuts
     D:8: 1658 daAuts
   Elf:1: 1584 daAuts
  Lair:2: 1575 daAuts
Spider:1: 1497 daAuts
  Lair:5: 1434 daAuts
Spider:4: 1360 daAuts
  Lair:4: 1348 daAuts
Spider:3: 1305 daAuts
  Lair:3: 1283 daAuts
Spider:2: 1197 daAuts
    D:12: 1142 daAuts
     D:6: 1123 daAuts
 Swamp:1: 1083 daAuts
    D:15: 1038 daAuts
